cohdb
Replays
Latest Replays
All Replays
Popular Replays
Top Player Replays
Match Explorer
How It Works
Community
CoH3 Stats
Reddit
Sign in to upload your games and track your stats! →
Sign in with Steam
Match 43951179
Unlisted
Match 43951179
Overview
Messages
Build Orders
End
Panzergrenadier Squad
Panzergrenadier Squad
Selects Battlefield Espionage Battlegroup
Selects Battlefield Espionage Battlegroup
Construct Light Support Kompanie
Panzerjäger Squad
Selects Intel Disruption Beacon
Fire Support Elements
2.5-tonne Medical Truck
Pak 38 Mechanized Group
Selects Plunder
Veteran Squad Leaders
Construct Panzerarmee Kommand
Selects 250/3 Funkpanzerwagen
Armored Reserves
Tungsten Core Ammunition
Selects Anti-Tank Incendiary Munitions
Panzer III Assault Group
Selects Firestorm
Firestorm
Rapid Advance
Firestorm
Selects Operation Skorpion
Firestorm
Panzer III Assault Group
Mephswall
OCTAVOR1
simaogui
woof_raff
mickal21
Friendly Mouse(Poxie)
0
0
Comments
sign in to comment!
No comments posted yet!